Match 43962110
Unlisted

Match 43962110
End
Kradschützen Motorcycle Team
Kradschützen Motorcycle Team
Construct Light Support Kompanie
MG34 Team
MG34 Team
MG34 Team
Selects Italian Infantry
Fire Support Elements
Pak 38 Anti-tank Gun Team
Assault Mechanized Group
Selects Guastatori Squad
Selects Registered Artillery
Construct Panzerarmee Kommand
Pak 38 Anti-tank Gun Team
Selects Defensive Operations
Panzerjäger Mechanized Group
Emergency Repair Kits
Panzer III L Medium Tank
Vehicle Survival Package
Registered Artillery
Tungsten Core Ammunition
Registered Artillery
Panzer III L Medium Tank
Selects Prepared Positions
Registered Artillery
Panzer III L Medium Tank
Selects Obice 305mm Barrage
Registered Artillery
Panzer III L Medium Tank
Rapid Advance
Registered Artillery
Advanced Optics
lattouf
Deliri0us
FooKilla
HulkSMASH
0
0

Comments sign in to comment!

No comments posted yet!